 Dungeon Crawl Stone Soup version 0.31-a0-1370-gf52a5a9ab3 (webtiles) character file.

Game seed: 1195242655403959772

99 TheScarfBastard the Trooper (level 4, 0/61 HPs)
             Began as a Minotaur Berserker on Dec 24, 2023.
             Was a Believer of Trog.
             Slain by a gnoll
             ... wielding a +0 flail
              (11 damage)
             ... on level 4 of the Dungeon.
             The game lasted 00:02:49 (1016 turns).

TheScarfBastard the Trooper (Minotaur Berserker)    Turns: 1016, Time: 00:02:49

Health: 0/61       AC:  2    Str: 24    XL:     4   Next: 45%
Magic:  3/3        EV: 12    Int:  4    God:    Trog [**....]
Gold:   47         SH:  0    Dex:  9    Spells: 3/3 levels left

rFire   . . .        e - +2 flail (venom)
rCold   . . .        (no shield)
rNeg    . . .        b - +0 animal skin
rPois   .            (helmet restricted)
rElec   .            (no cloak)
rCorr   .            (no gloves)
SInv    .            (no boots)
Will    .....        (no amulet) Stlth
                     (no ring)
HPRegen 0.30/turn    (no ring)
MPRegen 0.08/turn

%: no passive effects
@: berserking, very quick
A: horns 2, retaliatory headbutt
a: Renounce Religion, Berserk, Trog's Hand


You were on level 4 of the Dungeon.
You worshipped Trog.
Trog was pleased with you.
You visited 1 branch of the dungeon, and saw 4 of its levels.

You collected 47 gold pieces.

Inventory:

Hand Weapons
 a - a +0 hand axe
 e - a +2 flail of venom (weapon)
Armour
 b - a +0 animal skin (worn)
Talismans
 g - a maw talisman
Scrolls
 d - a scroll of fog {unknown}
 h - 3 scrolls of blinking {unknown}
 i - a scroll of immolation {unknown}
 j - a scroll of teleportation
Potions
 c - a potion of lignification
 f - 2 potions of mutation {unknown}


   Skills:
 + Level 4.7 Fighting
 + Level 4.5(4.7) Axes
 + Level 1.6(3.3) Maces & Flails
 + Level 2.8 Armour
 + Level 2.8 Dodging
 + Level 0.1 Stealth


You had 3 spell levels left.
You didn't know any spells.
Your spell library was empty.

Dungeon Overview and Level Annotations

Branches:
Dungeon (4/15)
 Temple: D:4-7

Altars:
Dithmenos
Okawaru
Trog
Wu Jian


Innate Abilities, Weirdness & Mutations

You have a pair of horns on your head.
You reflexively headbutt those who attack you in melee.


Message History

A nearby plant withers and dies.
The gnoll completely misses you. You furiously retaliate!
You headbutt the gnoll, but do no damage.
You barely miss the gnoll.
The gnoll is almost dead.
The gnoll barely misses you.
A gnoll comes into view. It is wielding a +0 whip.
The gnoll shouts!
You thump the gnoll!
You kill the gnoll!
Trog accepts your kill. The gnoll hits you with a +0 flail!
You hit the gnoll.
The gnoll is poisoned.
The gnoll is heavily wounded.
The gnoll hits you with a +0 flail!
You hit the gnoll.
The gnoll looks as sick as possible!
The gnoll is severely wounded.
A gnoll comes into view. It is wielding a +0 flail.
The gnoll barely misses you. You furiously retaliate!
You headbutt the gnoll!
You kill the gnoll!
Trog accepts your kill.
Found 12 gold pieces.
The gnoll shouts!
You hear a shout! x2
The gnoll hits you with a +0 whip.
Things that are here:
a +0 flail; a +0 whip; a gnoll corpse You sock the gnoll!
You kill the gnoll!
Trog accepts your kill.
An orc wizard comes into view. It is wielding a +0 dagger.
An orc comes into view. It is wielding a +0 dagger.
The orc wizard gestures at you while chanting.
The puff of flame hits you!
* * * LOW HITPOINT WARNING * * *
Things that are here:
a +0 whip; a gnoll corpse A red film seems to cover your vision as you go berserk!
You feel yourself moving faster!
You feel mighty! The gnoll hits you with a +0 flail!
You die...

#.# #.#
######.#
#......# #
#.###### #.
#.# .. #.#
..#.#.#####.#
....o..@))..#
..P..P.g.####
.P...P.P.#
....Po....
.P........#
.P.....P..#
..P...PP..#
..P.PPP.$##


You could see an orc wizard, a gnoll and an orc.

Vanquished Creatures
  An orc priest (D:3)
  3 gnolls (D:4)
  5 orcs (D:3)
  A bat (D:1)
  4 endoplasms
  A giant cockroach (D:1)
  2 hobgoblins
  4 jackals (D:1)
  2 quokkas (D:1)
  5 ball pythons (D:1)
  A frilled lizard (D:1)
  2 goblins
  2 kobolds (D:1)
  4 rats (D:1)
37 creatures vanquished.

Notes
Turn   | Place    | Note
-------+----------+-------------------------------------------
     0 | D:1      | TheScarfBastard the Minotaur Berserker began the quest for
                  | the Orb.
     0 | D:1      | Reached XP level 1. HP: 19/19 MP: 0/0
     3 | D:1      | Noticed an electric eel
     4 | D:1      | Noticed an electric eel
    82 | D:1      | Reached XP level 2. HP: 27/27 MP: 1/1
   392 | D:1      | Reached ** piety under Trog
   437 | D:2      | Found a shadowy altar of Dithmenos.
   439 | D:2      | You fall into a shaft and drop 1 floor!
   559 | D:3      | Found a bloodstained altar of Trog.
   559 | D:3      | Found an iron altar of Okawaru.
   562 | D:3      | Reached XP level 3. HP: 33/33 MP: 2/2
   606 | D:3      | Reached skill level 1 in Maces & Flails
   606 | D:3      | Reached XP level 4. HP: 30/41 MP: 3/3
   752 | D:3      | Found an ornate altar of the Wu Jian Council.
  1016 | D:4      | Slain by a gnoll

Illustrated notes

Levels and vault maps discovered:
D:1:      arrival_aquarium_b, layout_basic
D:2:      layout_basic, basic_altar, dilly_ecumenical_altar_fadedgnrine
D:3:      layout_loops_ring, nzn_wu_jian_contemplation,
          nicolae_overflow_two_pavilions, kennysheep_decorative_pillar
D:4:      corexii_shack_village, layout_basic, minmay_temple_entry_poolview,
          gammafunk_ghost_nasty_kobolds, nicolae_grassy_gnolls

Skill      XL: |  1  2  3 |
---------------+----------+-----
Axes           | 4 |  4.5
Fighting       | 4 |  4.7
Maces & Flails | 1 |  1.6
Armour         | |  2.8
Dodging        | |  2.8
Stealth        | |  0.1

Action                     |  1- 3 |  4- 6 || total
---------------------------+-------+-------++-------
  Melee: Hand axe          |    25 |       ||    25
         Flail             |    22 |     8 ||    30
         Headbutt          |     2 |       ||     2
         Punch             |     1 |       ||     1
 Invoke: Berserk           |     1 |     1 ||     2
    Use: Scroll            |     1 |     1 ||     2
 Armour: Animal skin       |    26 |     6 ||    32
  Dodge: Dodged            |    48 |     3 ||    51

Table legend: (Time is in decaauts)
 A = Elapsed time spent in this place.
 B = Non-inter-level travel time spent in this place.
 C = Inter-level travel time spent in this place.
 D = Time resting spent in this place.
 E = Time spent auto-exploring this place.
 F = Levels seen in this place.
 G = Mean time per level.
                   A        B        C        D        E       F      G
               +--------+--------+--------+--------+--------+-----+--------+
         Total |   1036 |   1036 |      0 |      0 |    650 |   4 |  259.0 |
       Dungeon |   1036 |   1036 |      0 |      0 |    650 |   4 |  259.0 |
               +--------+--------+--------+--------+--------+-----+--------+

Top non-repeatable levels by time:
     D:3: 555 daAuts
     D:1: 441 daAuts
     D:4: 38 daAuts
     D:2: 1 daAuts
